 Dungeon Crawl Stone Soup version 0.24.0-123-gd5b16e6ec5 (webtiles) character file.

Game seed: 3398973257218827491, levelgen mode: deterministic

251 Elellon the Chopper (level 5, -7/46 HPs)
             Began as a Deep Dwarf Fighter on Jan 15, 2020.
             Mangled by Menkaure (12 damage)
             ... on level 4 of the Dungeon.
             The game lasted 00:04:45 (2473 turns).

Elellon the Chopper (Deep Dwarf Fighter)            Turns: 2473, Time: 00:04:46

Health: -7/46      AC:  9    Str: 20    XL:     5   Next: 88%
Magic:  4/4        EV:  5    Int:  9    God:
Gold:   149        SH:  9    Dex: 12    Spells: 4/4 levels left

rFire    . . .     SeeInvis .   a - +0 war axe
rCold    . . .     Gourm    .   c - +0 shield
rNeg     . . .     Faith    .   l - +0 chain mail
rPois    .         Spirit   .   (no helmet)
rElec    .         Reflect  .   (no cloak)
rCorr    .         Harm     .   (no gloves)
MR       .....                  (no boots)
Stlth    ..........             (no amulet)
HPRegen  0.00/turn              (no ring)
MPRegen  0.09/turn              (no ring)

@: non-regenerating
A: damage resistance, heal wounds, sense surroundings 1, no regeneration
a: Heal Wounds


You were on level 4 of the Dungeon.
You were not hungry.

You visited 1 branch of the dungeon, and saw 4 of its levels.

You collected 149 gold pieces.

Inventory:

Hand Weapons
 a - a +0 war axe (weapon)
Missiles
 z - 4 poisoned darts (quivered)
Armour
 c - a +0 shield (worn)
 l - a +0 chain mail (worn)
Jewellery
 m - a +3 ring of slaying {unknown}
 n - a +2 amulet of reflection {unknown}
 w - a +5 ring of intelligence {unknown}
 y - an uncursed ring of stealth {unknown}
Wands
 o - a wand of flame (20)
 s - a wand of polymorph (10)
Scrolls
 g - 6 scrolls of identify {unknown}
 j - a scroll of fog {unknown}
 k - a scroll of remove curse {unknown}
 t - a scroll of amnesia {unknown}
 v - a scroll of noise {unknown}
Potions
 d - a potion of might
 e - 3 potions of agility {unknown}
 h - a potion of cancellation {unknown}
 i - a potion of degeneration {unknown}
 p - 3 potions of ambrosia {unknown}
 q - a potion of lignification {unknown}
 r - 2 potions of heal wounds {unknown}
 u - a potion of berserk rage {unknown}
 x - a potion of brilliance {unknown}
Comestibles
 b - 2 chunks of flesh
 f - 7 rations


   Skills:
 - Level 2.6 Fighting
 + Level 6.9 Axes
 - Level 3.2 Armour
 - Level 3.2 Shields


You had 4 spell levels left.
You didn't know any spells.
Your spell library was empty.

Dungeon Overview and Level Annotations

Branches:
Dungeon (4/15)
 Temple: D:4-7

Altars:
Vehumet
Yredelemnul
The Shining One

Annotations:
D:4 Menkaure


Innate Abilities, Weirdness & Mutations

You are resistant to damage.
You can heal yourself by infusing magical energy.
You passively map a small area around you.
You do not regenerate.


Message History

Menkaure is lightly damaged.
Menkaure hums, "It doesn't hurt if you pull your brain out of your nose yourself."
Menkaure gestures at you while chanting.
You struggle to resist.
You closely miss Menkaure.
Menkaure is lightly damaged.
You block Menkaure's attack. x2
You hit Menkaure.
Menkaure is lightly damaged.
You block Menkaure's attack.
You feel much better. Menkaure hits you but does no damage.
You slash Menkaure!
Menkaure is heavily damaged.
Menkaure hits you!!
* * * LOW HITPOINT WARNING * * *
Menkaure barely misses you.
Your shield and chain mail prevent you from hitting Menkaure.
Menkaure is heavily damaged.
Menkaure hits you!
You die...

, , .., ... ,
...##.. , .#*#. ,
...#... ,..##..
....... , ...... *
#........ ,......
#.......###....#.
,,
.................
, ,
........รท........
##.......@..##...
, ,
.........M.......
,
............##...
#...............#
, * ,
##.......#......#
, ,
........##......#
,
................#
#...(.(..M.......
,
#...(............


You could see Menkaure.

Vanquished Creatures
  Jessica (D:2)
  Terence (D:2)
  Natasha (D:4)
  A worker ant (D:4)
  8 adders
  An ooze (D:2)
  2 worms
  3 dart slugs
  A leopard gecko (D:1)
  A ball python (D:2)
  11 bats
  2 giant cockroaches (D:2)
  5 goblins
  11 hobgoblins
  2 jackals (D:2)
  A quokka (D:4)
  4 frilled lizards
  12 kobolds
  6 rats
74 creatures vanquished.

Notes
Turn   | Place    | Note
-------+----------+-------------------------------------------
     0 | D:1      | Elellon the Deep Dwarf Fighter began the quest for the Orb.
     0 | D:1      | Reached XP level 1. HP: 20/20 MP: 1/1
    80 | D:1      | Reached skill level 3 in Axes
    80 | D:1      | Reached XP level 2. HP: 18/27 MP: 2/2
   786 | D:2      | Reached XP level 3. HP: 12/33 MP: 3/3
   936 | D:2      | Reached skill level 4 in Axes
   938 | D:2      | Noticed Terence
  1015 | D:2      | Killed Terence
  1223 | D:2      | Reached XP level 4. HP: 14/40 MP: 4/4
  1261 | D:2      | Noticed Jessica
  1268 | D:2      | Killed Jessica
  1268 | D:2      | Reached skill level 5 in Axes
  1751 | D:3      | Reached XP level 5. HP: 28/46 MP: 5/5
  1803 | D:3      | Found a radiant altar of Vehumet.
  1872 | D:3      | Reached skill level 6 in Axes
  2025 | D:3      | Found a basalt altar of Yredelemnul.
  2271 | D:3      | Found a glowing golden altar of the Shining One.
  2431 | D:4      | Noticed Natasha
  2449 | D:4      | Killed Natasha
  2454 | D:4      | Noticed Menkaure
  2473 | D:4      | Mangled by Menkaure

Levels and vault maps discovered:
D:1:      scummos_arrival_simple_fountains, layout_basic
D:2:      minmay_diamond_boxcup, layout_basic, first_ration,
          chequers_serial_rivers_small_a, uniq_terence, uniq_jessica
D:3:      layout_loops_ring, lemuel_doored_altar, fiery_altar_vehumet,
          old_standard_altar
D:4:      layout_cave_pools, uniq_menkaure, uniq_crazy_yiuf_cottage,
          uniq_natasha

Skill      XL: |  1  2  3  4  5 |
---------------+----------------+-----
Axes           | 3 4 5 6 |  6.9
Fighting       | |  2.6
Armour         | |  3.2
Shields        | |  3.2

Action                   |  1- 3 |  4- 6 || total
-------------------------+-------+-------++-------
Melee: War axe           |   123 |   173 ||   296
Throw: Dart              |       |     5 ||     5
 Abil: Heal Wounds       |       |     4 ||     4
  Eat: Chunk             |     1 |     5 ||     6
Armor: Scale mail        |    40 |       ||    40
       Chain mail        |    47 |   105 ||   152
Dodge: Dodged            |    44 |    48 ||    92
Block: Shield            |    75 |    84 ||   159
